 Dungeon Crawl Stone Soup version 0.29.1-13-g9f3cf754e1 (webtiles) character file.

Game seed: 1089741744472472205

1358 bjubeck the Fighter (level 8, -2/74 HPs)
             Began as a Minotaur Fighter on Feb 2, 2023.
             Slain by an ogre
             ... wielding a +0 giant spiked club
              (16 damage)
             ... on level 6 of the Dungeon.
             The game lasted 00:15:56 (6216 turns).

bjubeck the Fighter (Minotaur Fighter)              Turns: 6216, Time: 00:15:57

Health: -2/74      AC:  7    Str: 28    XL:     8   Next: 37%
Magic:  7/7        EV:  9    Int:  5    God:
Gold:   262        SH:  5    Dex: 14    Spells: 7/7 levels left

rFire   x . .      SeeInvis .   G - +4 war axe (freeze)
rCold   + . .      Faith    .   c - +0 buckler
rNeg    . . .      Spirit   .   b - +0 scale mail
rPois   .          Reflect  .   (helmet restricted)
rElec   .          Harm     .   (no cloak)
rCorr   .          Rampage  .   (no gloves)
Will    .....                   (no boots)
Stlth   +.........              (no amulet)
HPRegen 0.22/turn               t - ring of Linearity {Ice Str+5 Dex+4 Stlth+}
MPRegen 0.10/turn               (no ring)

@: no status effects
A: horns 2, retaliatory headbutt
a: no special abilities


You were on level 6 of the Dungeon.
You visited 1 branch of the dungeon, and saw 6 of its levels.
You also visited: Sewer.

You collected 262 gold pieces.

Inventory:

Hand Weapons
 a - a +0 war axe
 q - a +0 club
 C - a +2 vorpal mace
 F - a +0 battleaxe
 G - a +4 war axe of freezing (weapon)
Armour
 b - a +0 scale mail (worn)
 c - a +0 buckler (worn)
Jewellery
 r - a +6 ring of intelligence
 t - the ring of Linearity (left hand) {Ice Str+5 Dex+4 Stlth+}
   (You found it on level 4 of the Dungeon)

   [ring of ice]

   It enhances your ice magic.
   Str:       It affects your strength (+5).
   Dex:       It affects your dexterity (+4).
   rF:        It makes you vulnerable to fire.
   rC:        It protects you from cold.
   Stlth:     It makes you more stealthy.
 u - an amulet of guardian spirit
Wands
 E - a wand of polymorph (14)
Scrolls
 e - 2 scrolls of magic mapping {unknown}
 g - 3 scrolls of vulnerability {unknown}
 i - a scroll of amnesia {unknown}
 l - 14 scrolls of identify {unknown}
 m - 2 scrolls of blinking {unknown}
 n - 2 scrolls of immolation {unknown}
 o - 6 scrolls of teleportation {unknown}
 x - 2 scrolls of enchant armour {unknown}
 y - a scroll of butterflies {unknown}
 D - a scroll of poison {unknown}
Potions
 d - 2 potions of might
 f - 3 potions of degeneration {unknown}
 h - 4 potions of lignification {unknown}
 j - 4 potions of curing {unknown}
 k - 6 potions of heal wounds {unknown}
 p - a potion of magic {unknown}
 s - a potion of berserk rage {unknown}
 v - a potion of haste {unknown}
 w - 2 potions of mutation {unknown}
 z - a potion of experience {unknown}
 A - a potion of brilliance {unknown}
 B - a potion of attraction {unknown}


   Skills:
 * Level 8.0 Fighting
 * Level 7.6 Axes
 + Level 6.1 Armour
 + Level 6.1 Shields


You had 7 spell levels left.
You didn't know any spells.
Your spell library contained the following spells:

 Spells                   Type           Power      Damage    Failure   Level
 Sublimation of Blood     Necr           0%         N/A       91%         2
 Portal Projectile        Hex/Tloc       0%         N/A       99%         3
 Tukima's Dance           Hex            0%         N/A       99%         3
 Petrify                  Tmut/Erth      0%         N/A       100%        4
 Blade Hands              Tmut           0%         N/A       100%        5
 Irradiate                Conj/Tmut      0%         3d11      100%        5


Dungeon Overview and Level Annotations

Branches:
Dungeon (6/15)              Sewer (visited)
 Temple: D:4-7

Altars:

Annotations:
D:3 1 transporter, bjubeck's ghost, amateur MiFi


Innate Abilities, Weirdness & Mutations

You have a pair of horns on your head.
You reflexively headbutt those who attack you in melee.


Message History

You climb upwards.
There is a stone staircase leading down, spattered with blood here.
There are no items here.
Your +4 war axe of freezing glows with a cold blue light!
G - a +4 war axe of freezing (weapon)
You climb downwards.
There is a stone staircase leading up here.
You block the wight's attack.
You slash the wight! You headbutt the wight.
You destroy the wight!
Your Armour skill increases to level 6!
w - 2 ruby potions (gained 1)
Things that are here:
a +0 halberd; a +0 robe; a +0 robe You open the door.
There is an open door here.
A water moccasin comes into view.
The water moccasin hisses angrily.
You slash the water moccasin! You freeze the water moccasin.
The water moccasin is severely wounded.
The water moccasin bites you but does no damage.
The water moccasin completely misses you.
You slash the water moccasin!
The water moccasin seems to slow down.
You freeze the water moccasin.
You kill the water moccasin!
Your Fighting skill increases to level 8!
You see here a water moccasin corpse.
An ogre comes into view. It is wielding a +0 giant spiked club.
The ogre shouts!
You barely miss the ogre. Your headbutt misses the ogre.
The ogre hits you with a +0 giant spiked club!!
You hit the ogre. You freeze the ogre. Your headbutt misses the ogre.
The ogre is lightly wounded.
You hit the ogre. You freeze the ogre. You headbutt the ogre.
The ogre is heavily wounded.
The ogre hits you with a +0 giant spiked club!!
* * * LOW HITPOINT WARNING * * *
The ogre attacks as you move away!
The ogre hits you with a +0 giant spiked club!
You die...

## #.# ## #.##
#####.###.########
#.......O@..†....#
.###.#.#.###....######.
#......###............
#...#.## ##...#######.
#...#.# ##.## #####.#
#.# ....# #.# #.##
##'## #.# ##...##


You could see an ogre.

Vanquished Creatures
  A water moccasin (D:6)
  An ice beast (D:5)
  2 ogres (D:5)
  3 kobold brigands (Sewer)
  A gnoll sergeant (D:5)
  A scorpion (D:5)
  5 wights
  A hound (D:4)
  2 iguanas
  An orc wizard (D:4)
  Robin (D:2)
  8 gnolls
  8 adders
  5 worms
  5 orcs
  9 endoplasms
  9 giant cockroaches
  6 goblins
  9 hobgoblins
  7 jackals
  18 kobolds
  7 quokkas
  11 ball pythons
  9 bats
  11 frilled lizards
  8 rats
  A spectral kobold (D:2)
150 creatures vanquished.

Vanquished Creatures (others)
  7 plants (Sewer)
7 creatures vanquished.

Grand Total: 157 creatures vanquished

Notes
Turn   | Place    | Note
-------+----------+-------------------------------------------
     0 | D:1      | bjubeck the Minotaur Fighter began the quest for the Orb.
     0 | D:1      | Reached XP level 1. HP: 19/19 MP: 0/0
   356 | D:1      | Reached XP level 2. HP: 22/27 MP: 1/1
   713 | D:2      | Found a faded altar of an unknown god.
   723 | D:2      | Reached skill level 4 in Fighting
   858 | D:2      | Noticed Robin
  1062 | D:2      | Killed Robin
  1063 | D:2      | Reached XP level 3. HP: 32/33 MP: 2/2
  1285 | D:2      | Reached XP level 4. HP: 36/41 MP: 3/3
  2319 | D:3      | Reached XP level 5. HP: 47/47 MP: 4/4
  2545 | D:3      | Reached skill level 5 in Fighting
  2562 | D:3      | Noticed an ogre
  2562 | D:3      | Noticed bjubeck's ghost (amateur MiFi)
  2564 | D:3      | Found a transporter.
  3392 | D:4      | Identified the ring of Linearity {Ice Str+5 Dex+4 Stlth+}
  3830 | D:4      | Found a glowing drain.
  3845 | Sewer    | Entered a sewer
  3981 | Sewer    | Reached skill level 5 in Axes
  3981 | Sewer    | Reached XP level 6. HP: 49/56 MP: 5/5
  4203 | Sewer    | Reached skill level 6 in Fighting
  4203 | Sewer    | Reached skill level 5 in Armour
  4203 | Sewer    | Reached skill level 5 in Shields
  4889 | D:5      | Entered Level 5 of the Dungeon
  4890 | D:5      | Noticed an ice beast
  4901 | D:4      | Reached XP level 7. HP: 48/63 MP: 6/6
  5748 | D:5      | Reached skill level 7 in Fighting
  5945 | D:5      | Reached XP level 8. HP: 72/73 MP: 7/7
  6205 | D:6      | Reached skill level 8 in Fighting
  6216 | D:6      | Slain by an ogre

Illustrated notes

Levels and vault maps discovered:
D:1:      reono_arrival_mine, layout_basic, minmay_misc_feat_diagonals,
          chequers_jeans, hangedman_decor_diamond_cutter
D:2:      minmay_razor_zed, layout_rooms,
          dreamdust_ecumenical_altar_drowned_temple, uniq_robin
D:3:      layout_basic, serial_aquarium, aquarium_bridge_square
          [aquarium_subvault_window, aquarium_subvault_bridge,
          aquarium_subvault_wall, aquarium_subvault_bridge], aquarium_window_2,
          aquarium_window_fake, aquarium_view_2d, aquarium_view_2b,
          aquarium_pool_five, gammafunk_ghost_smash, mrwooster_statue_mirror
D:4:      layout_loops_ring, gup_sewer_entry_pipe
D:5:      layout_loops_ring, serial_glass, glass_columns_a, glass_columns_a,
          glass_columns_a, glass_columns_a, glass_columns_a, glass_columns_b,
          glass_columns_a, glass_columns_a, minmay_strange_pillars,
          feat_on_display
D:6:      layout_loops_corners, uniq_menkaure

Skill      XL: |  1  2  3  4  5  6  7  8 |
---------------+-------------------------+-----
Fighting       | 4 5 6 7 8 |  8.0
Axes           | 3 4 5 6 7 |  7.6
Armour         | 4 5 6 |  6.1
Shields        | 4 5 6 |  6.1

Action                   |  1- 3 |  4- 6 |  7- 9 || total
-------------------------+-------+-------+-------++-------
Melee: War axe           |    83 |   233 |    62 ||   378
       Headbutt          |     7 |    31 |    14 ||    52
Armor: Scale mail        |    42 |   100 |    12 ||   154
Dodge: Dodged            |    43 |   116 |    24 ||   183
Block: Buckler           |    22 |    63 |    14 ||    99
